 Dungeon Crawl Stone Soup version 0.31.0-11-ge490571c62 (webtiles) character file.

Game seed: 6878998950178666389

300 qw the Shooter (level 6, -10/32 HPs)
             Began as a Spriggan Hunter on Feb 5, 2024.
             Killed by divine providence
             ... invoked by an orc priest
              (16 damage)
             ... on level 4 of the Dungeon.
             The game lasted 00:01:17 (2644 turns).

qw the Shooter (Spriggan Hunter)                    Turns: 2644, Time: 00:01:17

Health: -10/32     AC:  2    Str:  7    XL:     6   Next: 13%
Magic:  7/7        EV: 20    Int: 11    God:
Gold:   147        SH:  0    Dex: 20    Spells: 5/5 levels left

rFire   . . .        a - +1 shortbow
rCold   . . .        (shield currently unavailable)
rNeg    . . .        c - +0 robe
rPois   +            (helmet restricted)
rElec   .            (no cloak)
rCorr   .            (gloves unavailable)
SInv    +            (boots unavailable)
Will    +....        (no amulet)
Stlth   ++           b - ring of poison resistance
HPRegen 0.25/turn    (no ring)
MPRegen 0.10/turn

%: no passive effects
@: very quick
A: very small, no large weapons, unfitting armour, see invisible, speed 3
a: no special abilities


You were on level 4 of the Dungeon.
You visited 1 branch of the dungeon, and saw 4 of its levels.

You collected 147 gold pieces.


Innate Abilities, Weirdness & Mutations

You are very small and have problems with some larger weapons.
You are too small for most types of armour.
You have supernaturally acute eyesight. (SInv)
You cover ground extremely quickly. (Speed+++)


   Skills:
 - Level 2.7 Fighting
 - Level 6.0 Ranged Weapons
 + Level 5.0 Dodging
 - Level 1.5 Stealth


You had 5 spell levels left.
You didn't know any spells.
Your spell library was empty.

Inventory:

Hand Weapons
 a - a +1 shortbow (weapon)
Armour
 c - a +0 robe (worn)
Jewellery
 b - a ring of poison resistance (left hand)
Wands
 h - a wand of iceblast (5)
Potions
 d - 2 potions of curing
 g - a potion of resistance

Dungeon Overview and Level Annotations

Branches:
Dungeon (4/15)
 Temple: D:4-7

Altars:
Cheibriados
Zin

Annotations:
D:4 1 runed translucent door, Crazy Yiuf, Edmund


Message History

You shoot an arrow. The arrow hits the kobold.
The kobold is moderately wounded.
You shoot an arrow. The arrow hits the kobold.
You kill the kobold!
Edmund the Younger comes into view.
He is wielding a +4 dire flail of pain.
Found 3 stones.
Edmund closely misses you.
You shoot an arrow. The arrow hits Edmund!
Edmund is lightly wounded.
Edmund completely misses you.
An orc comes into view. It is wielding a +0 spear.
You shoot an arrow.
The arrow hits Edmund but does no damage.
Edmund is lightly wounded.
An orc priest comes into view. It is wielding a +0 whip.
Edmund says, "People think my brother is the best.
I think he's crazy."
Edmund misses you.
You shoot an arrow.
The arrow hits Edmund but does no damage.
Edmund is lightly wounded.
Edmund says, "People think my brother is the best.
I think he's crazy."
Edmund closely misses you.
You shoot an arrow. The arrow hits Edmund.
Edmund is moderately wounded.
Edmund hits you with a +4 dire flail of pain!
You writhe in agony.
You shoot an arrow. The arrow hits Edmund.
Edmund is moderately wounded.
Edmund closely misses you.
The orc priest invokes the aid of Beogh against you.
Beogh smites you!
You shoot an arrow. The arrow hits Edmund.
Edmund is heavily wounded.
Edmund hits you with a +4 dire flail of pain.
You shoot an arrow. The arrow hits Edmund.
Edmund is severely wounded.
An adder comes into view.
The orc priest mumbles some strange prayers to Beogh against you.
Beogh smites you!
Ouch! That really hurt!
You die...

# . #. #$# #.#
#####
#.######...#
#@...!..#.#
#@#.####...#
#o##.# ##..# #o#
#%# #..# ... #.#
#..# ..# #.#
#..######## S..
#)# #.###......
(.
#.#####.###.#####
#.##...).........


You could see Edmund, an orc priest, an adder (wandering) and an orc.

Vanquished Creatures
  Menkaure (D:4)
  A scorpion (D:4)
  4 adders
  A dart slug (D:2)
  A ribbon worm (D:3)
  8 orcs (D:3)
  8 endoplasms
  A giant cockroach (D:3)
  6 goblins
  3 hobgoblins
  2 jackals (D:2)
  4 quokkas
  7 ball pythons
  7 bats
  4 frilled lizards
  9 kobolds
  2 rats (D:1)
69 creatures vanquished.

Notes
Turn   | Place    | Note
-------+----------+-------------------------------------------
     0 | D:1      | qw the Spriggan Hunter began the quest for the Orb.
     0 | D:1      | Reached XP level 1. HP: 10/10 MP: 2/2
     0 | D:1      | 0 ||| qw: Version: 0.3-a-160-g6735b56
     0 | D:1      | 0 ||| qw: Game counter: 6258
     0 | D:1      | 0 ||| qw: Melee chars always use a shield: true
     0 | D:1      | 0 ||| qw: God list: Okawaru
     0 | D:1      | 0 ||| qw: Allow faded altars: false
     0 | D:1      | 0 ||| qw: Do Orc after clearing Dungeon:15 true
     0 | D:1      | 0 ||| qw: Do second Lair branch before Depths: true
     0 | D:1      | 0 ||| qw: Lair rune preference: random
     0 | D:1      | 0 ||| qw: Goals: Normal
     0 | D:1      | 0 ||| PLANNING D:1-11
   141 | D:1      | Reached skill level 3 in Dodging
   326 | D:1      | Reached XP level 2. HP: 14/14 MP: 3/3
   677 | D:1      | Found a faded altar of an unknown god.
   859 | D:1      | 859 ||| READING scroll labelled SAFAAF DILIE.
   859 | D:1      | 859 ||| IDENTIFYING orange potion
   860 | D:1      | 860 ||| READING scroll labelled PISHRU MURAE.
   860 | D:1      | 860 ||| ENCHANTING +0 shortbow.
   861 | D:1      | 861 ||| READING scroll labelled ROIRYRGH PABLU.
   862 | D:1      | 862 ||| READING scroll labelled SOHOQI VEYL.
   863 | D:1      | 863 ||| DROPPING scroll of butterflies.
  1030 | D:2      | Reached XP level 3. HP: 18/18 MP: 4/4
  1329 | D:2      | Reached skill level 5 in Ranged Weapons
  1531 | D:2      | Reached XP level 4. HP: 22/22 MP: 5/5
  1641 | D:2      | 1641 ||| UPGRADING to ring of poison resistance.
  1642 | D:2      | 1642 ||| READING 2 scrolls of identify.
  1642 | D:2      | 1642 ||| IDENTIFYING fizzy purple potion
  1643 | D:2      | 1643 ||| READING scroll of identify.
  1643 | D:2      | 1643 ||| IDENTIFYING 2 cyan potions
  1644 | D:2      | 1644 ||| READING scroll labelled YBEYCW HISOPS.
  1649 | D:2      | 1649 ||| READING scroll labelled LIUMYH ZUEJYIM.
  1650 | D:2      | 1650 ||| READING scroll labelled XIENGOA XUSHIGG.
  1650 | D:2      | 1650 ||| ENCHANTING +1 shortbow.
  1651 | D:2      | 1651 ||| DROPPING potion of attraction.
  2078 | D:3      | Found a glowing silver altar of Zin.
  2085 | D:3      | Found a snail-covered altar of Cheibriados.
  2278 | D:3      | 2278 ||| FLEEEEING.
  2279 | D:3      | 2279 ||| FLEEEEING.
  2280 | D:3      | 2280 ||| FLEEEEING.
  2281 | D:3      | 2281 ||| FLEEEEING.
  2283 | D:3      | 2283 ||| FLEEEEING.
  2284 | D:3      | 2284 ||| FLEEEEING.
  2285 | D:3      | 2285 ||| FLEEEEING.
  2544 | D:3      | 2544 ||| READING scroll of identify.
  2544 | D:3      | 2544 ||| IDENTIFYING pink potion
  2545 | D:3      | 2545 ||| READING scroll labelled REVEGIJAIP.
  2546 | D:3      | 2546 ||| DROPPING potion of lignification.
  2571 | D:4      | Found a runed translucent door.
  2572 | D:4      | Identified the +6 hammer of the Apocalypse {venom, rElec
                  | Int+4 Dex-2}
  2572 | D:4      | Noticed Crazy Yiuf
  2624 | D:4      | Noticed a scorpion
  2625 | D:4      | 2625 ||| ZAPPING wand of iceblast (11) at -1,4 (scorpion;
                  | floor).
  2626 | D:4      | 2626 ||| ZAPPING wand of iceblast (10) at -1,3 (scorpion;
                  | floor).
  2626 | D:4      | Killed a scorpion
  2627 | D:4      | Reached XP level 5. HP: 27/27 MP: 6/6
  2628 | D:4      | Noticed Menkaure
  2629 | D:4      | 2629 ||| ZAPPING wand of iceblast (9) at -4,-4 (Menkaure;
                  | floor).
  2630 | D:4      | 2630 ||| ZAPPING wand of iceblast (8) at -3,-3 (Menkaure;
                  | floor).
  2631 | D:4      | 2631 ||| ZAPPING wand of iceblast (7) at -2,-2 (Menkaure;
                  | floor).
  2632 | D:4      | 2632 ||| ZAPPING wand of iceblast (6) at -2,-2 (Menkaure;
                  | floor).
  2633 | D:4      | Killed Menkaure
  2634 | D:4      | Reached skill level 6 in Ranged Weapons
  2634 | D:4      | Reached XP level 6. HP: 32/32 MP: 7/7
  2637 | D:4      | Noticed Edmund
  2643 | D:4      | HP: 6/32 [Edmund/+4 dire flail of pain (6)]
  2644 | D:4      | Killed from afar by an orc priest

Levels and vault maps discovered:
D:1:      dpeg_chamrin_arrival_tetris, layout_loops_corners,
          dreamdust_ecumenical_altar_sealed_demon, kennysheep_decorative_pillar
D:2:      minmay_wonky_spiral, layout_loops_cross
D:3:      layout_basic, chequers_temple_overflow_statue_of_worship,
          chequers_serial_rivers_micro_c
D:4:      layout_loops_ring, nicolae_overflow_hidden_temple,
          minmay_temple_entry_grid, serial_shops, nicolae_take_the_stairs,
          uniq_edmund, uniq_menkaure, uniq_crazy_yiuf_cottage

Skill      XL: |  1  2  3  4  5 |
---------------+----------------+-----
Dodging        | 3 4 5 |  5.0
Ranged Weapons | 5 6 |  6.0
Fighting       | 2 |  2.7
Stealth        | |  1.5

Action                     |  1- 3 |  4- 6 || total
---------------------------+-------+-------++-------
   Fire: Shortbow          |    78 |    62 ||   140
  Evoke: Wand              |       |     6 ||     6
    Use: Scroll            |     4 |     7 ||    11
 Armour: Robe              |     4 |     5 ||     9
  Dodge: Dodged            |    22 |    15 ||    37

Table legend:
 A = Non-vault XP
 B = Vault XP
 C = Vault XP percentage of total XP
 D = Non-vault monster count
 E = Vault monster count
 F = Vault count percentage of total count
                 A         B        C        D         E       F
            +---------+---------+-------+---------+---------+-------
      Total |     238 |     191 |  44.5 |      64 |       5 |   7.2
            +---------+---------+-------+---------+---------+-------
        D:1 |      27 |       0 |   0.0 |      19 |       0 |   0.0
        D:2 |      55 |      19 |  25.7 |      18 |       4 |  18.2
        D:3 |      64 |       0 |   0.0 |      24 |       0 |   0.0
        D:4 |      92 |     172 |  65.2 |       3 |       1 |  25.0
            +---------+---------+-------+---------+---------+-------
